AoeStats
← annekristel15

Arena

509422535Analyzed
1v1 RM · 5d ago on Sep 26, 2026· 70m 56s· 2 players
Game mode
Random Map
Map size
Tiny (2 player)
Population
200
Speed
Normal
Resources
Standard
Victory
Conquest
Starting age
Dark Age
Ending age
Imperial Age
RankedLock teamsTeams togetherTeam positionsShared explorationLock speedFull tech treeHidden civsTurbo modeCheats
Victory
Defeat
🇺🇸 Portuguese · United States
346
+17
🇳🇱 Britons · Netherlands
358
-17
Rasky
5:35 Loom
11:13 Feudal Age
13:50 Double-Bit Axe
14:34 Stone Mining
16:25 Wheelbarrow
19:48 Town Watch
21:40 Horse Collar
26:53 Castle Age
25:16 Gold Mining
31:20 Hand Cart
32:03 Elite Skirmisher
34:09 Town Patrol
34:47 Bow Saw
34:39 Heavy Plow
35:20 Fortified Wall
37:57 Treadmill Crane
39:21 Stone Shaft Mining
41:29 Imperial Age
43:11 Chemistry
42:30 Masonry
42:31 Siege Engineers
45:13 Arquebus
49:14 Onager
68:56 Ballistics
69:08 Architecture
68:40 Murder Holes
annekristel15
17:28 Feudal Age
20:27 Padded Archer Armor
20:18 Fletching
20:51 Scale Mail Armor
22:23 Wheelbarrow
29:31 Castle Age
29:00 Double-Bit Axe
36:31 Hand Cart
36:02 Loom
36:03 Town Watch
38:50 Imperial Age
36:28 Elite Skirmisher
37:32 Leather Archer Armor
38:11 Yeomen
39:49 Scale Barding Armor
39:59 Chain Mail Armor
39:55 Forging
43:16 Town Patrol
44:45 Bow Saw
47:59 Warwolf
48:27 Conscription
47:41 Sappers
48:51 Hoardings
52:36 Elite Longbowman
54:22 Capped Ram
54:30 Onager
59:22 Ring Archer Armor
58:47 Bodkin Arrow
59:28 Iron Casting
59:24 Plate Mail Armor
59:14 Chain Barding Armor
58:58 Horse Collar
59:29 Gold Mining
59:29 Stone Mining
59:49 Arrowslits
61:09 Chemistry
60:33 Ballistics
60:21 Murder Holes
60:51 Masonry
60:50 Siege Engineers
62:45 Coinage
62:47 Guilds
68:51 Man-at-Arms
68:52 Pikeman
69:24 Gambesons
69:41 Squires
69:31 Arson
Connection lost

Rejoining the realm…

Still unreachable

The connection could not be restored.

Session expired

The server has moved on; the page needs a fresh start.